 Dungeon Crawl Stone Soup version 0.29.1-4-g47bece8355 (webtiles) character file.

Game seed: 9978664404045092453

11484 Mitcholas the Fighter (level 12, -15/94 HPs)
             Began as a Djinni Conjurer on Dec 2, 2022.
             Demolished by a shadow (21 damage)
             ... on level 10 of the Dungeon on Dec 3, 2022.
             The game lasted 00:47:13 (15137 turns).

Mitcholas the Fighter (Djinni Conjurer)            Turns: 15137, Time: 00:47:13

Health: -15/94     AC:  6    Str:  6    XL:     12   Next: 8%
Gold:   516        EV: 12    Int: 31    God:
                   SH:  5    Dex: 18

rFire   + + .      SeeInvis .   e - +0 whip (elec)
rCold   x . .      Faith    .   (no shield)
rNeg    . . .      Spirit   .   a - +0 robe
rPois   ∞          Reflect  +   l - +0 helmet
rElec   .          Harm     .   f - +2 cloak {Stlth+}
rCorr   .          Rampage  .   (no gloves)
Will    +....                   (boots unavailable)
Stlth   +++.......              v - amulet of reflection
HPRegen 0.25/turn               p - +6 ring of dexterity
MPRegen 0.00/turn               w - +6 ring of intelligence

@: flying, studying Dodging
A: sickness immunity, fire resistance 2, cold vulnerability 1, float, innate
caster, HP casting, extra vitality 1, subdued magic 1, devolution 1
a: no special abilities


You were on level 10 of the Dungeon.
You visited 2 branches of the dungeon, and saw 11 of its levels.

You collected 516 gold pieces.

Inventory:

Hand Weapons
 e - a +0 whip of electrocution (weapon)
Armour
 a - a +0 robe (worn)
 f - a +2 cloak of stealth (worn)
 l - a +0 helmet (worn)
 C - a +0 kite shield
 E - a +0 leather armour
Jewellery
 p - a +6 ring of dexterity (left hand)
 v - an amulet of reflection (around neck)
 w - a +6 ring of intelligence (right hand)
 y - the ring of the City {Ice Int+3}
   (You found it on level 6 of the Dungeon)

   [ring of ice]

   It enhances your ice magic.
   Int:       It affects your intelligence (+3).
   rF:        It makes you vulnerable to fire.
   rC:        It protects you from cold.
 G - a ring of willpower
 M - a ring of see invisible
Wands
 B - a wand of paralysis (20)
 H - a wand of iceblast (22)
Scrolls
 b - a scroll of noise {unknown}
 c - 2 scrolls of magic mapping
 d - 4 scrolls of fear {unknown}
 i - 4 scrolls of enchant armour {unknown}
 j - 5 scrolls of amnesia
 m - a scroll of butterflies {unknown}
 n - a scroll of summoning {unknown}
 q - 3 scrolls of teleportation
 s - a scroll of poison
 t - 2 scrolls of vulnerability {unknown}
 u - 2 scrolls of immolation {unknown}
 D - a scroll of torment {unknown}
 F - 3 scrolls of blinking {unknown}
 J - a scroll of enchant weapon {unknown}
 N - a scroll of silence {unknown}
Potions
 h - a potion of heal wounds
 k - a potion of might
 o - 6 potions of curing
 r - 2 potions of attraction
 x - 2 potions of resistance
 z - a potion of degeneration
 A - a potion of ambrosia
 I - a potion of magic
 K - a potion of haste
 L - a potion of brilliance


   Skills:
 * Level 11.6 Fighting
 + Level 4.4 Armour
 - Level 2.1 Dodging
 - Level 1.5 Stealth
 + Level 4.5 Shields
 * Level 9.7 Spellcasting
 + Level 4.6 Evocations


You had one spell level left.
You knew the following spells:

 Your Spells              Type           Power      Damage    Failure   Level
a - Magic Dart            Conj           100%       1d8       1%          1
b - Searing Ray           Conj           100%       2d8       1%          2
c - Dazzling Flash        Conj/Hex       100%       N/A       1%          3
d - Fulminant Prism       Conj/Hex       27%        3d14      1%          4
e - Iskenderun's Mystic   Conj/Tloc      55%        2d12      1%          4
f - Beastly Appendage     Tmut           100%       N/A       1%          1
g - Call Imp              Summ           55%        N/A       1%          2
h - Vampiric Draining     Necr           55%        2d9       1%          3
i - Flame Wave            Conj/Fire      55%        2d13      1%          4
j - Irradiate             Conj/Tmut      27%        3d20      1%          5
Your spell library was empty.

Dungeon Overview and Level Annotations

Branches:
Dungeon (10/15)            Temple (1/1) D:5            Lair (0/5) D:10
    Orc: D:9-12

Altars:
Ashenzari
Cheibriados
Elyvilon
Fedhas
Gozag
Hepliaklqana
Nemelex Xobeh
Okawaru
Qazlal
Ru
Trog
Wu Jian
Xom
Yredelemnul
Zin
The Shining One

Shops:
D:4 !   D:5 *


Innate Abilities, Weirdness & Mutations

You are immune to sickness and miasma.
You are immune to poison.
Your flesh is very heat resistant. (rF++)
You are vulnerable to cold. (rC-)
You float through the air rather than walking.
You learn spells naturally, not from books.
Your magical power is your life essence.
You have superior vitality. (+4 MHP)
Your spells are a little easier to cast, but a little less powerful.
You have hidden genetic defects.


Message History

The ogre zombie is severely damaged.
The ogre zombie hits you.
* * * LOW HITPOINT WARNING * * *
The searing ray hits the ogre zombie!
The ogre zombie is almost destroyed.
* * * LOW HITPOINT WARNING * * *
You finish channelling your searing ray.
A shadow comes into view.
Casting: Searing Ray (safe; 1% risk of failure)
Confirm with . or Enter, or press ? or * to list all spells.
Aiming: Searing Ray (safe; 1% risk of failure)
Press: ? - help, Shift-Dir - straight line, f/p - ogre zombie
Aim: an ogre zombie (almost destroyed, 100% to hit)
The searing ray hits the ogre zombie!
You destroy the ogre zombie! (Press . to maintain the ray.)
* * * LOW HITPOINT WARNING * * *
The shadow slips into darkness.
The shadow flickers and vanishes!
Deactivating autopickup; reactivate with Ctrl-A.
Things that are here:
a +0 dire flail; a +0 giant club
There is an open door here.
The shadow strikes at you from the darkness!
* * * LOW HITPOINT WARNING * * *
Reactivating autopickup.
There's a creature in the doorway!
Casting: Searing Ray (safe; 1% risk of failure)
Confirm with . or Enter, or press ? or * to list all spells.
You erupt in a blast of force!
The mystic blast hits the shadow!
The shadow is moderately damaged.
The shadow is knocked back by the mystic blast.
* * * LOW HITPOINT WARNING * * *
The shadow slips into darkness.
The shadow flickers and vanishes!
Deactivating autopickup; reactivate with Ctrl-A.
You reach down and close the door.
Something unseen opens the door.
You reach down and close the door.
Something unseen breaks down the door.
The shadow strikes at you from the darkness!
You die...

.....###.....# ......##.....#
......##.....#
......+^....#######
....##.....##....#
....#.)...##....#
#...#.....##)...####### .#
####...#......+)@..'.....# .#
.......#....###....####.###.####.
.......#....# #....# #)#........
........<...# #########..........
#####.#.....# #..............
#.......# #.#............
.........+ #..............
......#....# #.........♣....
......+...... ........P........


There were no monsters in sight!

Vanquished Creatures
  A boulder beetle (D:7)
  5 two-headed ogres
  Pikel (D:4)
  Joseph (D:7)
  A shadow (D:7)
  A wyvern (D:10)
  A wraith (D:7)
  5 yaks (D:10)
  2 basilisks (D:10)
  2 steam dragons
  5 water moccasins
  Duvessa (D:6)
  A black bear (D:6)
  An orc warrior (D:6)
  2 ice beasts
  An ogre (D:5)
  2 centaurs
  4 lemures
  2 phantoms (D:10)
  10 bullfrogs
  3 kobold brigands
  A gnoll sergeant (D:7)
  5 scorpions
  14 wights
  Dowan (D:6)
  2 troll zombies (D:10)
  15 killer bees
  2 vampire bats (D:3)
  An electric eel (D:7)
  4 jellies
  7 orc priests
  4 hounds
  7 iguanas
  11 orc wizards
  5 ogre zombies (D:10)
  Robin (D:2)
  11 gnolls
  9 adders
  A shadow imp (D:6)
  3 white imps
  An ufetubus (D:6)
  2 dart slugs
  18 orcs
  6 endoplasms
  3 giant cockroaches
  12 goblins
  6 hobgoblins
  6 jackals
  2 quokkas
  9 ball pythons
  8 bats
  5 frilled lizards
  2 goblin skeletons (D:10)
  3 goblin zombies (D:10)
  2 hobgoblin skeletons (D:10)
  2 hobgoblin zombies (D:10)
  18 kobolds
  3 orc skeletons (D:10)
  5 orc zombies (D:10)
  6 rats
  A fulminant prism (D:9)
276 creatures vanquished.

Vanquished Creatures (collateral kills)
  An endoplasm (D:4)
1 creature vanquished.

Vanquished Creatures (others)
  A quokka (D:5)
  A bush (D:10)
  38 fulminant prisms
  6 fungi (D:10)
  28 plants
74 creatures vanquished.

Grand Total: 351 creatures vanquished

Notes
Turn   | Place    | Note
-------+----------+-------------------------------------------
     0 | D:1      | Mitcholas the Djinni Conjurer began the quest for the Orb.
     0 | D:1      | Mitcholas set off with the following spells memorised:
                  | Magic Dart, Searing Ray, Dazzling Flash, Fulminant Prism,
                  | Iskenderun's Mystic Blast.
     0 | D:1      | Reached XP level 1. HP: 15/15 MP: 0/0
   389 | D:1      | Reached XP level 2. HP: 19/22 MP: 0/0
   398 | D:1      | Reached skill level 1 in Fighting
  1006 | D:1      | Reached XP level 3. HP: 23/27 MP: 0/0
  1006 | D:1      | Learned a level 1 spell: Beastly Appendage
  1503 | D:2      | Reached skill level 2 in Fighting
  1572 | D:2      | Reached XP level 4. HP: 29/33 MP: 0/0
  1957 | D:2      | Found a faded altar of an unknown god.
  2218 | D:2      | Noticed Robin
  2385 | D:2      | Killed Robin
  2386 | D:2      | Reached XP level 5. HP: 30/40 MP: 0/0
  2386 | D:2      | Learned a level 2 spell: Call Imp
  2507 | D:2      | Reached skill level 3 in Fighting
  3059 | D:3      | Reached XP level 6. HP: 38/46 MP: 0/0
  3292 | D:3      | Reached skill level 4 in Fighting
  3472 | D:3      | Found a sacrificial altar of Ru.
  3875 | D:4      | Reached XP level 7. HP: 47/53 MP: 0/0
  3875 | D:4      | Learned a level 3 spell: Vampiric Draining
  3887 | D:4      | Reached skill level 5 in Spellcasting
  4050 | D:4      | Found Raffukk's Distillery.
  4190 | D:4      | Found an opulent altar of Gozag.
  4229 | D:4      | Noticed Pikel
  5269 | D:4      | Killed Pikel
  5270 | D:4      | Reached skill level 6 in Fighting
  5270 | D:4      | Reached XP level 8. HP: 19/61 MP: 0/0
  5672 | D:5      | Entered Level 5 of the Dungeon
  6042 | D:5      | Found Biraxt's General Store.
  6070 | D:5      | Found a broken altar of Ashenzari.
  6218 | D:5      | Found a white marble altar of Elyvilon.
  6313 | D:5      | Found a stormy altar of Qazlal.
  6522 | D:5      | Found a staircase to the Ecumenical Temple.
  6807 | D:5      | Found Biraxt's General Store.
  6858 | D:5      | Found a staircase to the Ecumenical Temple.
  6992 | D:5      | Found a white marble altar of Elyvilon.
  7245 | D:5      | Found a stormy altar of Qazlal.
  7385 | Temple   | Entered the Ecumenical Temple
  7509 | D:6      | Reached skill level 7 in Fighting
  7603 | D:6      | Reached XP level 9. HP: 5/68 MP: 0/0
  7603 | D:6      | Learned a level 4 spell: Flame Wave
  8053 | D:6      | Noticed Dowan
  8056 | D:6      | Noticed Duvessa
  8060 | D:6      | Killed Dowan
  8080 | D:6      | Killed Duvessa
  8081 | D:6      | Reached skill level 8 in Fighting
  9126 | D:6      | Identified the ring of the City {Ice Int+3}
  9290 | D:6      | Reached skill level 9 in Fighting
  9350 | D:6      | Reached XP level 10. HP: 47/78 MP: 0/0
 10429 | D:7      | Found a bloodstained altar of Trog.
 10432 | D:7      | Found a shimmering altar of Xom.
 10432 | D:7      | Found a stormy altar of Qazlal.
 10434 | D:7      | Found a shimmering altar of Xom.
 10434 | D:7      | Found a shimmering altar of Xom.
 10639 | D:7      | Reached skill level 1 in Armour
 10704 | D:7      | Identified the +0 leather armour "Caji" {Dex+2}
 10791 | D:7      | Noticed a boulder beetle
 10816 | D:7      | Noticed Joseph
 11009 | D:7      | Reached skill level 1 in Shields
 11009 | D:7      | Reached skill level 1 in Evocations
 11027 | D:7      | Killed a boulder beetle
 11028 | D:7      | Reached skill level 10 in Fighting
 11491 | D:7      | Killed Joseph
 11883 | D:8      | Found a sparkling altar of Nemelex Xobeh.
 12284 | D:8      | Reached XP level 11. HP: 79/86 MP: 0/0
 12284 | D:8      | Learned a level 5 spell: Irradiate
 12649 | D:8      | Noticed a two-headed ogre
 12654 | D:8      | Killed a two-headed ogre
 12924 | D:8      | Found a glowing silver altar of Zin.
 13094 | D:9      | Noticed a two-headed ogre
 13100 | D:9      | Killed a two-headed ogre
 13267 | D:9      | Noticed a two-headed ogre
 13488 | D:9      | Reached skill level 11 in Fighting
 13876 | D:9      | Killed a two-headed ogre
 14272 | D:10     | Entered Level 10 of the Dungeon
 14290 | D:10     | Noticed a two-headed ogre
 14297 | D:10     | Killed a two-headed ogre
 14504 | D:10     | Gained mutation: You have hidden genetic defects.
                  | [mutagenic glow]
 14776 | D:10     | Noticed a two-headed ogre
 14783 | D:10     | Killed a two-headed ogre
 14785 | D:10     | Reached XP level 12. HP: 83/94 MP: 0/0
 14821 | D:10     | Gained mutation: Your spells are a little easier to cast,
                  | but a little less powerful. [hidden defects]
 15065 | D:10     | Found a staircase to the Lair.
 15137 | D:10     | Demolished by a shadow

Illustrated notes

Levels and vault maps discovered:
D:1:      shiori_arrival_elements, layout_loops_corners, dk_noncrumbling_4
D:2:      minmay_spotlight, layout_basic, basic_ecumenical_altar, uniq_robin
D:3:      layout_loops_ring, mainiacjoe_overflow_brackets, serial_park_tiny_1,
          roderic_batcave, nicolae_grassy_gnolls
D:4:      layout_rooms, kennysheep_mini, serial_shops, shop, uniq_pikel
D:5:      layout_loops_ring, elyvilon_altar_4, mainiacjoe_overflow_alcove_4,
          nicolae_ashenzari_skybound, minmay_temple_entry_ruins, serial_shops,
          shop
D:6:      minmay_thinvault, layout_basic, uniq_duvessa
D:7:      layout_basic, doesnt_xom_only_xom, kennysheep_flooded_box,
          minmay_manual_mullet, uniq_joseph
D:8:      layout_loops_corners, nemelex_xobeh_ov_fountains_minmay,
          amethyst_overflow_temple_binary
D:9:      layout_small_grid
D:10:     layout_basic, gammafunk_temple_overflow_forgotten,
          minmay_lair_entry_grove, zombieorc2_lemuel, uniq_gastronok
Temple:   zaba_magenta_temple

Skill      XL: |  1  2  3  4  5  6  7  8  9 10 11 |
---------------+----------------------------------+-----
Fighting       | 1 2 3 4 6 7 9 10 11 | 11.6
Spellcasting   | 4 5 6 7 8 9 |  9.7
Armour         | 2 4 |  4.4
Shields        | 2 4 |  4.5
Evocations     | 2 4 |  4.6
Dodging        | |  2.1
Stealth        | |  1.5

Action                   |  1- 3 |  4- 6 |  7- 9 | 10-12 || total
-------------------------+-------+-------+-------+-------++-------
Melee: Dagger            |     5 |     8 |       |       ||    13
       Whip              |       |       |     1 |     6 ||     7
 Cast: Magic Dart        |    38 |    77 |    56 |    86 ||   257
       Searing Ray       |     5 |    19 |    45 |    70 ||   139
       Iskenderun's Myst |       |       |    14 |    22 ||    36
       Fulminant Prism   |       |       |    16 |    23 ||    39
       Call Imp          |       |       |     5 |       ||     5
       Irradiate         |       |       |       |     6 ||     6
       Flame Wave        |       |       |       |     1 ||     1
  Use: Scroll            |       |       |     6 |     8 ||    14
       Potion            |       |       |       |     1 ||     1
 Stab: Sleeping          |     3 |     4 |     1 |       ||     8
Armor: Robe              |     2 |    10 |    15 |    18 ||    45
Dodge: Dodged            |     8 |    20 |    32 |    55 ||   115
Block: Other             |       |       |     8 |    19 ||    27
       Reflection        |       |       |     1 |     2 ||     3
